 Dungeon Crawl Stone Soup version 0.30-a0-567-gf7fd966b4a (webtiles) character file.

Game seed: 2802827804632330123

42585 kae the Transmogrifier (level 13, -46/129 (133) HPs)
             Began as a Demonspawn Transmuter on Dec 28, 2022.
             Was an Elder of Ru.
             Killed from afar by a fire dragon (71 damage)
             ... with a blast of flame
             ... on level 5 of the Lair of Beasts.
             The game lasted 00:28:05 (21328 turns).

kae the Transmogrifier (Demonspawn Transmuter)     Turns: 21328, Time: 00:28:05

HP:   -46/129 (133) AC: 10    Str: 13    XL:     13   Next: 86%
MP:   0/34          EV: 13    Int: 18    God:    Ru [****..]
Gold: 2519          SH:  5    Dex: 17    Spells: 19/29 levels left

rFire   x . .      SeeInvis .      - Unarmed
rCold   + + +      Faith    .    (shield currently unavailable)
rNeg    . . .      Spirit   +    (body armour currently unavailable)
rPois   +          Reflect  +    (helmet currently unavailable)
rElec   .          Harm     .    (cloak currently unavailable)
rCorr   .          Rampage  .    (gloves currently unavailable)
Will    .....                    (boots currently unavailable)
Stlth   ++++                     M - amulet of reflection
HPRegen 0.41/turn                L - ring of flight
MPRegen 0.48/turn                W - ring of magical power

@: about to teleport, ice-form, wereblooded, flying, studying Short Blades,
lightly drained
A: freezing attack, amphibious, boosted hp, large, thin skeletal structure 2,
robust 1, (spiny 2), magic shield, magic regeneration, inability to use devices,
hated by all, inability to train armour, (demonic touch 1)
a: End Transformation, Renounce Religion, Draw Out Power, Power Leap


You were on level 5 of the Lair of Beasts.
You worshipped Ru.
Ru was greatly pleased with you.
You were a creature of crystalline ice.
You visited 3 branches of the dungeon, and saw 16 of its levels.
You also visited: Sewer.

You collected 2544 gold pieces.
You spent 25 gold pieces at shops.


Innate Abilities, Weirdness & Mutations

You are a creature of crystalline ice.
You have a powerful freezing melee attack.
You are amphibious.
Your maximum health is increased.
Your armour is entirely melded.
You are incapable of wielding weapons or throwing items.
You have a moderately thin skeletal structure. (Dex +4, Stealth++)
You are robust. (+10% HP)
((You are mostly covered in sharp spines.))
When hurt, damage is shared between your health and your magic reserves.
You regenerate magic rapidly.
You cannot study or use magical devices.
You are hated by all.
You cannot train Armour skill.
((Your touch may inflict minor irresistible damage on your foes.))


   Skills:
 + Level 9.5 Fighting
 + Level 6.3 Dodging
 * Level 10.9 Unarmed Combat
 + Level 8.8 Spellcasting
 * Level 12.1 Transmutations
 + Level 8.2 Ice Magic
 - Level 2.8 Poison Magic


You had 19 spell levels left.
You knew the following spells:

 Your Spells              Type           Power      Damage    Failure   Level
a - Beastly Appendage     Tmut           100%       N/A       1%          1
b - Wereblood             Tmut           51%        N/A       1%          2
c - Spider Form           Tmut/Pois      35%        N/A       1%          3
d - Ice Form              Ice/Tmut       44%        N/A       1%          4

Your spell library contained the following spells:

 Spells                   Type           Power      Damage    Failure   Level
 Magic Dart               Conj           28%        1d4       9%          1
 Necrotise                Necr           28%        1d5       9%          1
 Slow                     Hex            28%        N/A       9%          1
 Searing Ray              Conj           14%        2d5       14%         2
 Mephitic Cloud           Conj/Pois/Air  11%        N/A       19%         3
 Yara's Violent Unravell  Hex/Tmut       14%        3d7       21%         5
 Confusing Touch          Hex            7%         N/A       26%         3
 Gell's Gravitas          Tloc           7%         N/A       26%         3
 Inner Flame              Hex/Fire       7%         N/A       26%         3
 Kindle Blastsparks       Fire/Tloc/Air  14%        2d11      26%         3
 Lesser Beckoning         Tloc           14%        N/A       26%         3
 Teleport Other           Tloc           7%         N/A       26%         3
 Vampiric Draining        Necr           7%         2d6       26%         3
 Metabolic Englaciation   Hex/Ice        11%        N/A       43%         5
 Flame Wave               Conj/Fire      7%         2d5       65%         4
 Fulminant Prism          Conj/Hex       3%         3d5       65%         4
 Iskenderun's Mystic Bla  Conj/Tloc      7%         2d4       65%         4
 Sticky Flame             Conj/Fire      7%         2d3       65%         4
 Agony                    Necr           7%         N/A       94%         5
 Lee's Rapid Deconstruct  Erth           3%         3d5*      94%         5
 Ozocubu's Refrigeration  Ice            18%        4d11      95%         7
 Enfeeble                 Hex            3%         N/A       100%        7
 Call Imp                 Summ           Unusable   N/A       N/A         2
 Summon Ice Beast         Ice/Summ       Unusable   N/A       N/A         4

Inventory:

Missiles
 g - 49 poisoned darts
 k - 74 stones
 v - 19 boomerangs
 x - 5 throwing nets {=f!f}
 G - 2 curare-tipped darts {=f}
 J - 3 javelins
Armour
 a - a +0 robe (melded)
 y - a +1 cloak (melded)
   (You took it off Crazy Yiuf on level 7 of the Dungeon)
Magical Staves
 t - a staff of death {!a}
   (You found it on level 5 of the Dungeon)
 D - a staff of earth {!a}
   (You found it on level 9 of the Dungeon)
Jewellery
 w - a ring of magical power
   (You found it on level 4 of the Dungeon)
 F - a ring of fire
   (You found it on level 7 of the Dungeon)
 L - a ring of flight (left front paw)
   (You found it on level 1 of the Dungeon)
 M - an amulet of reflection (around neck)
   (You found it on level 3 of the Lair of Beasts)
 P - a ring of poison resistance
   (You found it on level 3 of the Lair of Beasts)
 W - a ring of magical power (right front paw)
   (You found it on level 3 of the Dungeon)
Wands
 f - a wand of roots (31)
   (You found it on level 6 of the Dungeon)
 B - a wand of quicksilver (9)
   (You found it on level 8 of the Dungeon)
 E - a wand of mindburst (10)
   (You took it off a kobold on level 9 of the Dungeon)
 K - a wand of polymorph (5)
   (You found it on level 3 of the Lair of Beasts)
Scrolls
 i - 7 scrolls of immolation {!r!r}
 j - 2 scrolls of enchant weapon
 l - 2 scrolls of butterflies
 o - 9 scrolls of teleportation {@r4}
 r - 3 scrolls of vulnerability {!r!r}
 u - a scroll of fear
 z - a scroll of magic mapping {!r}
 A - a scroll of poison {!r}
 C - a scroll of torment {!r}
 I - 2 scrolls of enchant armour
 N - a scroll of identify {@r1}
Potions
 b - 5 potions of lignification {!q}
 c - 3 potions of heal wounds {@q2}
 d - 5 potions of resistance
 e - 2 potions of cancellation
 h - 3 potions of degeneration {!q}
 m - 2 potions of mutation {!q}
 n - 5 potions of haste {@q3}
 p - 7 potions of curing {@q1}
 q - a potion of might
 s - 4 potions of brilliance
 H - a potion of invisibility

Dungeon Overview and Level Annotations

Branches:
Dungeon (10/15) Zot: 25502  Temple (1/1) D:4 Zot: 5756    Lair (5/5) D:10 Zot: 21981
 Shoals (0/4) Lair:2        Snake (0/4) Lair:2        Slime (0/5) Lair:5
    Orc (0/2) D:9           Sewer (visited)

Altars:
Ashenzari
Cheibriados
Dithmenos
Gozag
Kikubaaqudgha
Makhleb
Nemelex Xobeh
Okawaru
Qazlal
Ru
Sif Muna
Trog
Uskayaw
Vehumet
Wu Jian
Xom

Shops:
D:2 *

Annotations:
D:5 Sigmund
D:7 exclusion: 2 doors
Lair:5 1 runed translucent door

♣.~..♣
.~≈~.♣♣
♣♣♣P~.≈~..
♣?l$.~≈~~.
♣♣)(..~~.♣♣
♣.D[..≈≈~.♣
♣D!.~≈≈~.♣
♣$Y$..≈≈~.
♣♣♣♣P~≈≈≈~
~~≈≈~ ≈≈≈~
## ≈≈. .#
≈. .. . ..
..


You could see a fire dragon (catching breath), a swamp dragon (asleep) and a
komodo dragon (asleep).


Message History

😎 MP[+1]
The hornet stings you but does no damage.
The hornet is stunned by your conviction and fails to attack. 😎 MP[+1]
Casting: Ice Form (mildly dangerous; 1% risk of failure)
Confirm with . or Enter, or press ? or * to list all spells.
Your blood is infused with primal strength.
The hornet is stunned by your conviction and fails to attack.
The torpor snail misses you. The tyrant leech bites you!!
The tyrant leech draws strength from your injuries!
The torpor snail is stunned by your conviction and fails to attack. 😕 HP[-14] MP[-5]
You take 14 damage, and now have 114/128 hp.
You lost 5 mp, and now have 27/34 mp.
You punch the torpor snail! You freeze the torpor snail.
The tyrant leech is stunned by your conviction and fails to attack. 😕 MP[+1]
You punch the torpor snail! You freeze the torpor snail.
The tyrant leech closely misses you. The torpor snail closely misses you.
The torpor snail bites you but does no damage.
You hit the torpor snail. You freeze the torpor snail.
The tyrant leech closely misses you. You block the torpor snail's attack.
The torpor snail bites you!
You hit the torpor snail. You freeze the torpor snail.
The tyrant leech closely misses you. The torpor snail bites you!
The torpor snail bites you but does no damage. 😕 HP[-16] MP[-2]
You take 16 damage, and now have 98/128 hp.
You lost 2 mp, and now have 26/34 mp.
You punch the torpor snail! You freeze the torpor snail.
You feel a bit better.
You kill the torpor snail!
The torpor snail barely misses you. 😕 HP[+4]
You now have 129 max hp (+1).
You regained 4 hp, and now have 102/129 hp.
You pummel the torpor snail!! You freeze the torpor snail!
The hornet barely misses you. The tyrant leech bites you!
The tyrant leech draws strength from your injuries!
You hit the torpor snail but do no damage.
The torpor snail closely misses you. The tyrant leech bites you!
The tyrant leech draws strength from your injuries!
The tyrant leech bites you but does no damage. 😮 HP[-22] MP[-5]
You take 22 damage, and now have 80/129 hp.
You lost 5 mp, and now have 21/34 mp.
You closely miss the tyrant leech.
You howl as the wereblood boils in your veins!
The torpor snail bites you!! The tyrant leech misses you.
The tyrant leech bites you!
* * * LOW HITPOINT WARNING * * *
The tyrant leech draws strength from your injuries! 😨 HP[-28] MP[-6]
You take 28 damage, and now have 52/129 hp.
MASSIVE DAMAGE!! (PAUSE)
You lost 6 mp, and now have 15/34 mp.
You pummel the tyrant leech!! You freeze the tyrant leech.
The torpor snail bites you!
* * * LOW HITPOINT WARNING * * *
You redirect the tyrant leech's attack!
The tyrant leech bites the tyrant leech!
The tyrant leech draws strength from the tyrant leech's injuries!
The tyrant leech barely misses you. 😨 HP[-6] MP[-2]
You take 6 damage, and now have 46/129 hp.
You lost 2 mp, and now have 13/34 mp.
As you read the scroll of teleportation {@r4}, it crumbles to dust.
You feel strangely unstable. The torpor snail barely misses you.
The tyrant leech bites you!
* * * LOW HITPOINT WARNING * * *
The tyrant leech draws strength from your injuries!
The tyrant leech bites you!
* * * LOW HITPOINT WARNING * * *
The tyrant leech draws strength from your injuries! 😱 HP[-22] MP[-5]
You take 22 damage, and now have 24/129 hp.
You lost 5 mp, and now have 8/34 mp.
Unknown command.
Unknown command.
The tyrant leech attacks as you move away!
The tyrant leech bites you.
* * * LOW HITPOINT WARNING * * *
The tyrant leech draws strength from your injuries! 😱 HP[-1]
You take 1 damage, and now have 23/129 hp.
Unknown command. 😱 HP[+1] MP[+1] Unknown command.
Your surroundings suddenly seem different.
A komodo dragon, a fire dragon and a swamp dragon come into view.
You see here a scroll of teleportation {@r4}.
Unknown command.
Unknown command.
As you read the scroll of teleportation {@r4}, it crumbles to dust.
You feel strangely unstable.
You feel yourself speed up. The fire dragon breathes flames at you.
The blast of flame hits you!!!! The fire burns you terribly!
Ouch! That really hurt!
You die...

Skill      XL: |  1  2  3  4  5  6  7  8  9 10 11 12 13 |
---------------+----------------------------------------+-----
Transmutations | 2 3 4 6 7 8 9 11 12 | 12.1
Unarmed Combat | 3 4 5 6 8 9 10 | 10.9
Fighting       | 2 3 4 5 6 7 8 9 |  9.5
Poison Magic   | 1 2 |  2.8
Spellcasting   | 3 4 5 6 7 8 |  8.8
Ice Magic      | 1 2 4 6 7 8 |  8.2
Dodging        | 3 5 6 |  6.3

Action                   |  1- 3 |  4- 6 |  7- 9 | 10-12 | 13-15 || total
-------------------------+-------+-------+-------+-------+-------++-------
Melee: Unarmed           |    95 |   144 |   404 |   673 |   273 ||  1589
       Headbutt          |     6 |     8 |       |       |       ||    14
       Kick              |    15 |     8 |     1 |       |       ||    24
       Punch             |       |     3 |     3 |     2 |     1 ||     9
       Touch             |       |       |    10 |     5 |       ||    15
 Cast: Beastly Appendage |    21 |    21 |     1 |       |       ||    43
       Spider Form       |       |    13 |     9 |       |       ||    22
       Ice Form          |       |       |    29 |    57 |    26 ||   112
       Wereblood         |       |       |     6 |    19 |     3 ||    28
Invok: Sacrifice Artific |       |       |     1 |       |       ||     1
       Draw Out Power    |       |       |       |     3 |     3 ||     6
       Sacrifice Love    |       |       |       |     1 |       ||     1
       Power Leap        |       |       |       |     2 |     1 ||     3
       Sacrifice Durabil |       |       |       |     1 |       ||     1
       Reject Sacrifices |       |       |       |     1 |       ||     1
  Use: Scroll            |     4 |     5 |    10 |     9 |     5 ||    33
       Potion            |     1 |       |     4 |     5 |       ||    10
 Stab: Sleeping          |     4 |     9 |     8 |     6 |       ||    27
       Invisible         |       |       |     1 |     2 |     4 ||     7
       Distracted        |       |       |       |     3 |     2 ||     5
Armor: Robe              |    15 |     9 |     5 |     1 |       ||    30
       Skin              |     3 |     4 |   126 |   197 |   103 ||   433
Dodge: Dodged            |    54 |   116 |   207 |   310 |   156 ||   843
Block: Other             |       |       |       |       |    32 ||    32

Levels and vault maps discovered:
D:1:      matt_arrival_grand_opening, layout_rooms
D:2:      layout_loops_ring, basic_ecumenical_altar, serial_shops,
          nicolae_shop_hallway_stairs, eino_tiny_chamber, serial_bayou_pond_d
D:3:      layout_loops_cross
D:4:      layout_layer_cave, minmay_temple_entry_statues_fountains
D:5:      layout_loops_ring, uniq_sigmund
D:6:      layout_gridville, portal_sewer_entry_e, grunt_ministairs_3,
          uniq_edmund, uniq_menkaure
D:7:      layout_loops_cross, minmay_crystal_room, hellmonk_guarded_unrand_gong,
          uniq_duvessa, uniq_crazy_yiuf_cottage
D:8:      layout_basic, nicolae_overflow_hidden_temple
D:9:      layout_basic, mainiacjoe_overflow_brackets, slow_altar_1,
          kennysheep_orc_monster_closet_entryway, dk_rats_in_the_wall
D:10:     layout_loops_ring, lemuel_doored_altar, dpeg_oklobed_lair,
          uniq_psyche, uniq_harold
Temple:   eino_narrow_crystal_temple
Lair:1:   layout_big_grid, basic_altar, serial_bayou_shore_a, grunt_megastairs_2
Lair:2:   layout_chaotic_city, minmay_shoals_entry_lonely_mermaid,
          minmay_snake_entry_guardpost_small
Lair:3:   layout_gridlike, nicolae_lair_grove_arrangements, grunt_megastairs_1
Lair:4:   layout_concentric_octagons, uniq_nessos
Lair:5:   wormcave, layout_regular_city, guppyfry_lair_end_dragon,
          slime_entry_1, nicolae_lair_lindhole

Notes
Turn   | Place    | Note
-------+----------+-------------------------------------------
     0 | D:1      | kae the Demonspawn Transmuter began the quest for the Orb.
     0 | D:1      | Reached XP level 1. HP: 15/15 MP: 3/3
     0 | D:1      | magus.rc [v1.11.3]
   149 | D:1      | Reached skill level 2 in Transmutations
   220 | D:1      | Gained mutation: You have a somewhat thin skeletal
                  | structure. (Dex +2, Stealth+) [demonic ancestry]
   220 | D:1      | Reached XP level 2. HP: 17/21 MP: 3/5
   522 | D:1      | Learned a level 2 spell: Wereblood
   715 | D:2      | HP: 4/21 [kobold/+0 short sword (3)]
   716 | D:2      | Gained mutation: You have a moderately thin skeletal
                  | structure. (Dex +4, Stealth++) [demonic ancestry]
   716 | D:2      | Reached XP level 3. HP: 5/26 MP: 6/6
   720 | D:2      | HP: 4/39 [poisoned by an adder]
   733 | D:2      | Reached skill level 3 in Unarmed Combat
   841 | D:2      | Learned a level 3 spell: Spider Form
   889 | D:2      | You pick up a book of Necromancy and begin reading...
   889 | D:2      | You add the spells Necrotise, Vampiric Draining and Agony
                  | to your library.
   962 | D:2      | Identified the +1 chain mail of the End {+Blink Dex-2 SInv}
  1014 | D:2      | You pick up a book of Flames and begin reading...
  1014 | D:2      | You add the spells Inner Flame, Sticky Flame and Flame Wave
                  | to your library.
  1205 | D:2      | Found Xaluvall's Assorted Antiques.
  1210 | D:2      | Bought a scroll labelled NUUSOUNW VILAI for 25 gold pieces
  1449 | D:2      | Found a faded altar of an unknown god.
  1584 | D:3      | Reached XP level 4. HP: 33/33 MP: 5/7
  1765 | D:3      | Reached skill level 2 in Fighting
  1871 | D:3      | Reached skill level 1 in Poison Magic
  2367 | D:4      | Identified a scroll of acquirement
  2461 | D:4      | Reached skill level 3 in Transmutations
  2562 | D:4      | Gained mutation: Your touch may inflict minor irresistible
                  | damage on your foes. [demonic ancestry]
  2562 | D:4      | Reached XP level 5. HP: 25/38 MP: 8/8
  2792 | D:4      | Found a staircase to the Ecumenical Temple.
  2899 | Temple   | Entered the Ecumenical Temple
  3136 | Temple   | Became a worshipper of Ru the Awakened
  3198 | D:4      | Reached skill level 2 in Poison Magic
  3486 | D:4      | Reached XP level 6. HP: 42/46 MP: 10/10
  3511 | D:4      | You pick up a book of Flames and begin reading...
  4319 | D:5      | Entered Level 5 of the Dungeon
  4330 | D:5      | Reached skill level 3 in Spellcasting
  4455 | D:5      | Learned a level 4 spell: Ice Form
  4522 | D:5      | You pick up a book of Misfortune and begin reading...
  4522 | D:5      | You add the spells Yara's Violent Unravelling and Enfeeble
                  | to your library.
  4538 | D:5      | Reached skill level 4 in Transmutations
  4617 | D:5      | You add the spells Summon Ice Beast, Metabolic Englaciation
                  | and Ozocubu's Refrigeration to your library.
  4617 | D:5      | Got Fetum's Compendium of Red-Hot Hypothermia
  4628 | D:5      | Noticed Sigmund
  4713 | D:5      | Reached skill level 1 in Ice Magic
  4713 | D:5      | Gained mutation: You regenerate magic rapidly. [demonic
                  | ancestry]
  4713 | D:5      | Reached XP level 7. HP: 41/51 MP: 11/11
  5192 | D:5      | Reached skill level 3 in Fighting
  5330 | D:6      | Acquired 987 gold pieces
  5402 | D:6      | Noticed Edmund
  5469 | D:6      | Killed Edmund
  5475 | D:6      | You pick up a book of Displacement and begin reading...
  5475 | D:6      | You add the spells Lesser Beckoning, Gell's Gravitas and
                  | Teleport Other to your library.
  5568 | D:6      | HP: 18/78 [something (3)]
  5569 | D:6      | Reached skill level 2 in Ice Magic
  5586 | D:6      | Reached skill level 4 in Unarmed Combat
  5641 | D:6      | Found a glowing drain.
  5660 | Sewer    | Entered a sewer
  5888 | Sewer    | Gained mutation: When hurt, damage is shared between your
                  | health and your magic reserves. [demonic ancestry]
  5888 | Sewer    | Reached XP level 8. HP: 56/58 MP: 13/13
  5957 | Sewer    | Reached skill level 5 in Transmutations
  5957 | Sewer    | Reached skill level 3 in Ice Magic
  6123 | D:6      | Reached skill level 4 in Spellcasting
  6146 | D:6      | Reached skill level 4 in Fighting
  6706 | D:6      | Noticed Menkaure
  6714 | D:6      | Killed Menkaure
  6715 | D:6      | Reached skill level 4 in Ice Magic
  7203 | D:7      | You pick up a book of Conjurations and begin reading...
  7203 | D:7      | You add the spells Magic Dart, Searing Ray and Fulminant
                  | Prism to your library.
  7337 | D:7      | Reached skill level 6 in Transmutations
  7344 | D:7      | Gained mutation: You are partially covered in sharp spines.
                  | [demonic ancestry]
  7344 | D:7      | Reached XP level 9. HP: 66/66 MP: 15/15
  7455 | D:7      | Noticed a vault sentinel
  7455 | D:7      | Noticed a vault sentinel
  7470 | D:7      | Reached skill level 5 in Unarmed Combat
  7481 | D:7      | Gained mutation: You cannot study or use magical devices.
                  | [Ru sacrifice]
  7481 | D:7      | Reached * piety under Ru
  7481 | D:7      | Reached ** piety under Ru
  7499 | D:7      | Reached skill level 5 in Ice Magic
  7942 | D:7      | Noticed Duvessa
  7959 | D:7      | Killed Duvessa
  7961 | D:7      | Noticed Dowan
  7968 | D:7      | Killed Dowan
  7969 | D:7      | Reached skill level 5 in Fighting
  8226 | D:7      | Found a runed translucent door.
  8227 | D:7      | Noticed Crazy Yiuf
  8237 | D:7      | Killed Crazy Yiuf
  8491 | D:8      | Reached skill level 5 in Spellcasting
  8735 | D:8      | Reached skill level 7 in Transmutations
  8744 | D:8      | HP: 13/81 [something (11)]
  9052 | D:8      | Reached skill level 6 in Ice Magic
  9087 | D:8      | You pick up a book of Minor Magic and begin reading...
  9087 | D:8      | You add the spells Call Imp and Mephitic Cloud to your
                  | library.
  9230 | D:8      | Found a shimmering blue altar of Sif Muna.
  9677 | D:9      | Reached XP level 10. HP: 74/74 MP: 18/18
  9914 | D:9      | Found a burning altar of Makhleb.
  9930 | D:9      | HP: 20/91 [orc warrior/+0 scimitar (9)]
  9940 | D:9      | HP: 22/91 [killer bee (1)]
  9945 | D:9      | HP: 16/91 [poisoned by a killer bee]
 10317 | D:9      | Reached skill level 6 in Unarmed Combat
 10375 | D:9      | Reached skill level 6 in Fighting
 10504 | D:8      | Reached skill level 8 in Transmutations
 10803 | D:9      | Gained mutation: You are hated by all. [Ru sacrifice]
 10803 | D:9      | Reached *** piety under Ru
 10856 | D:9      | Found a snail-covered altar of Cheibriados.
 10890 | D:9      | Reached skill level 7 in Ice Magic
 11069 | D:9      | Found a staircase to the Orcish Mines.
 11098 | D:9      | HP: 20/90 [gnoll/+0 halberd (6)]
 11119 | D:9      | Reached skill level 6 in Spellcasting
 11131 | D:9      | HP: 14/88 [orc warrior/+0 battleaxe (12)]
 11136 | D:9      | HP: 17/88 [orc warrior/+0 battleaxe (10)]
 11142 | D:9      | HP: 16/90 [gnoll sergeant/+6 spear of venom (7)]
 11146 | D:9      | HP: 7/92 [gnoll sergeant/+6 spear of venom (3)]
 11147 | D:9      | HP: 3/92 [gnoll sergeant/+6 spear of venom (3)]
 11152 | D:9      | HP: 7/88 [poisoned by a gnoll sergeant]
 11678 | D:9      | Acquired 818 gold pieces
 11706 | D:10     | Entered Level 10 of the Dungeon
 11965 | D:10     | Gained mutation: You are mostly covered in sharp spines.
                  | [demonic ancestry]
 11965 | D:10     | Reached XP level 11. HP: 81/83 MP: 20/20
 12064 | D:10     | Noticed Harold
 12075 | D:10     | Killed Harold
 12289 | D:10     | Reached skill level 2 in Dodging
 12320 | D:10     | Found an iron altar of Okawaru.
 12330 | D:10     | Noticed a two-headed ogre
 12335 | D:10     | Killed a two-headed ogre
 12672 | D:10     | Reached skill level 9 in Transmutations
 12672 | D:10     | Reached skill level 8 in Ice Magic
 12818 | D:10     | Found a staircase to the Lair.
 12819 | D:10     | Noticed Psyche
 12831 | D:10     | Killed Psyche
 12832 | D:10     | Reached skill level 7 in Unarmed Combat
 13226 | Lair:1   | Entered Level 1 of the Lair of Beasts
 13395 | Lair:1   | Reached skill level 7 in Fighting
 13470 | Lair:1   | Found a broken altar of Ashenzari.
 13571 | Lair:1   | Reached skill level 3 in Dodging
 13599 | Lair:1   | HP: 23/100 [yak (9)]
 13923 | Lair:1   | Reached skill level 7 in Spellcasting
 14046 | Lair:1   | Reached skill level 8 in Unarmed Combat
 14203 | Lair:1   | You pick up a book of Debilitation and begin reading...
 14203 | Lair:1   | You add the spells Slow and Confusing Touch to your
                  | library.
 14374 | Lair:1   | Reached XP level 12. HP: 82/91 MP: 22/22
 14721 | Lair:2   | Gained mutation: You cannot train Armour skill. [Ru
                  | sacrifice]
 14721 | Lair:2   | Reached **** piety under Ru
 14786 | Lair:2   | Found a staircase to the Snake Pit.
 14846 | Lair:2   | Reached skill level 10 in Transmutations
 15473 | Lair:2   | Reached skill level 4 in Dodging
 15621 | Lair:2   | Found a staircase to the Shoals.
 15687 | Lair:2   | You pick up a book of Blasting and begin reading...
 15687 | Lair:2   | You add the spells Kindle Blastsparks, Iskenderun's Mystic
                  | Blast and Lee's Rapid Deconstruction to your library.
 16154 | Lair:3   | Reached skill level 8 in Fighting
 16390 | Lair:3   | Reached skill level 9 in Unarmed Combat
 16611 | Lair:3   | You pick up a book of Necromancy and begin reading...
 17262 | Lair:4   | Noticed Nessos
 17371 | Lair:4   | Noticed a boulder beetle
 17627 | Lair:4   | Noticed an eight-headed hydra
 17639 | Lair:4   | Killed an eight-headed hydra
 17640 | Lair:4   | Reached skill level 5 in Dodging
 17675 | Lair:4   | Reached skill level 11 in Transmutations
 17888 | Lair:4   | Reached skill level 8 in Spellcasting
 18169 | Lair:4   | Gained mutation: You are robust. (+10% HP) [demonic
                  | ancestry]
 18169 | Lair:4   | Reached XP level 13. HP: 96/108 MP: 25/25
 18649 | Lair:4   | HP: 26/108 [poisoned by Nessos]
 18649 | Lair:4   | Killed Nessos
 18650 | Lair:4   | Reached skill level 10 in Unarmed Combat
 18654 | Lair:4   | HP: 15/110 [poisoned by Nessos]
 18659 | Lair:4   | HP: 12/110 [poisoned by Nessos]
 19302 | Lair:5   | Entered Level 5 of the Lair of Beasts
 19458 | Lair:4   | Reached skill level 9 in Fighting
 19766 | Lair:5   | Reached skill level 6 in Dodging
 19767 | Lair:5   | Found a staircase to the Slime Pits.
 20475 | Lair:4   | Reached skill level 12 in Transmutations
 20712 | Lair:5   | Found a runed translucent door.
 20721 | Lair:5   | Noticed a fire dragon
 21109 | Lair:5   | Paralysed by a hornet for 2 turns
 21324 | Lair:5   | HP: 24/129 [tyrant leech (12)]
 21327 | Lair:5   | Noticed a fire dragon
 21328 | Lair:5   | Killed from afar by a fire dragon

Vanquished Creatures
  Nessos (Lair:4)
  Harold (D:10)
  4 hydras
  A boulder beetle (Lair:4)
  A catoblepas (Lair:5)
  A two-headed ogre (D:10)
  2 death yaks (Lair:4)
  16 elephants
  A merfolk siren (Lair:2)
  7 cane toads
  4 torpor snails (Lair:5)
  7 black mambas
  A rime drake (Lair:1)
  3 komodo dragons
  4 polar bears
  2 trolls
  7 hornets
  5 dream sheep (Lair:3)
  2 tyrant leeches (Lair:5)
  8 blink frogs
  A shadow (D:10)
  43 yaks
  A vampire (D:9)
  A wraith (D:10)
  A steam dragon (D:8)
  3 basilisks
  Edmund (D:6)
  Menkaure (D:6)
  13 water moccasins
  An acid dragon (D:10)
  3 nagas (Lair:2)
  Duvessa (D:7)
  6 orc warriors
  An ice beast (D:6)
  A sky beast (D:7)
  3 black bears
  6 ogres
  5 centaurs
  15 wolves
  4 kobold brigands
  A necrophage (D:6)
  18 bullfrogs
  4 gnoll sergeants
  3 scorpions
  14 wights
  Dowan (D:7)
  4 killer bees (D:9)
  An electric eel (Lair:1)
  2 howler monkeys
  5 hounds
  Crazy Yiuf (D:7)
  6 orc priests
  An iron imp (D:9)
  6 iguanas
  14 orc wizards
  10 gnolls
  3 river rats
  10 adders
  2 white imps (D:8)
  An ufetubus (D:5)
  A worm (D:6)
  2 dart slugs
  24 orcs
  4 bats
  8 endoplasms
  4 giant cockroaches
  4 hobgoblins
  4 quokkas
  15 ball pythons
  7 frilled lizards
  8 goblins
  15 kobolds
  36 rats
428 creatures vanquished.

Vanquished Creatures (others)
  A hydra (Lair:5)
  A death yak (Lair:4)
  A lindwurm (Lair:5)
  A black mamba (Lair:1)
  Psyche (D:10)
  A polar bear (Lair:5)
  A bush (Lair:4)
  38 fungi
  60 plants
105 creatures vanquished.

Grand Total: 533 creatures vanquished

Table legend:
 A = Non-vault XP
 B = Vault XP
 C = Vault XP percentage of total XP
 D = Non-vault monster count
 E = Vault monster count
 F = Vault count percentage of total count
                 A         B        C        D         E       F
            +---------+---------+-------+---------+---------+-------
      Total |   49724 |   11112 |  18.3 |     333 |     101 |  23.3
            +---------+---------+-------+---------+---------+-------
        D:1 |      22 |       0 |   0.0 |      13 |       0 |   0.0
        D:2 |      74 |       0 |   0.0 |      23 |       0 |   0.0
        D:3 |      47 |       0 |   0.0 |      23 |       0 |   0.0
        D:4 |     277 |       0 |   0.0 |      19 |       0 |   0.0
        D:5 |     384 |       0 |   0.0 |      10 |       0 |   0.0
        D:6 |     853 |     443 |  34.2 |      14 |      12 |  46.2
        D:7 |    1547 |     250 |  13.9 |      25 |       3 |  10.7
        D:8 |    1391 |       0 |   0.0 |      29 |       0 |   0.0
        D:9 |    2747 |    1704 |  38.3 |      29 |      21 |  42.0
       D:10 |    3256 |    1226 |  27.4 |      16 |       2 |  11.1
     Lair:1 |    7651 |     238 |   3.0 |      43 |       3 |   6.5
     Lair:2 |    2061 |     902 |  30.4 |      11 |       4 |  26.7
     Lair:3 |    5528 |     681 |  11.0 |      21 |       2 |   8.7
     Lair:4 |   15955 |    1023 |   6.0 |      40 |       1 |   2.4
     Lair:5 |    7931 |    4339 |  35.4 |      17 |      13 |  43.3
      Sewer |       0 |     306 | 100.0 |       0 |      40 | 100.0
            +---------+---------+-------+---------+---------+-------

Illustrated notes

Table legend:
 A = Kills in this place as a percentage of kills in entire the game.
 B = Kills by you in this place as a percentage of kills by you in the entire game.
 C = Kills by friends in this place as a percentage of kills by friends in the entire game.
 D = Other kills in this place as a percentage of other kills in the entire game.
 E = Experience gained in this place as a percentage of experience gained in the entire game.
 F = Experience gained in this place divided by the number of levels of this place that you have seen.
                   A       B       C       D       E      F
               +-------+-------+-------+-------+-------+----------------------
         Total | 100.0 | 100.0 |   N/A | 100.0 | 100.0 | 3578.6
       Dungeon |  55.1 |  55.6 |   N/A |  16.7 |  23.4 | 1422.1
          Lair |  35.7 |  35.0 |   N/A |  83.3 |  76.1 | 9261.8
         Sewer |   9.2 |   9.3 |   N/A |   0.0 |   0.5 | 306.0
               +-------+-------+-------+-------+-------+----------------------

Table legend: (Time is in decaauts)
 A = Elapsed time spent in this place.
 B = Non-inter-level travel time spent in this place.
 C = Inter-level travel time spent in this place.
 D = Time resting spent in this place.
 E = Time spent auto-exploring this place.
 F = Levels seen in this place.
 G = Mean time per level.
                   A        B        C        D        E       F      G
               +--------+--------+--------+--------+--------+-----+--------+
         Total |  21168 |  20450 |    718 |   1957 |  14685 |  17 | 1245.2 |
       Dungeon |  12538 |  12019 |    519 |   1107 |   8761 |  10 | 1253.8 |
        Temple |    243 |    229 |     14 |      0 |    218 |   1 |  243.0 |
          Lair |   8016 |   7832 |    184 |    850 |   5475 |   5 | 1603.2 |
         Sewer |    369 |    369 |      0 |      0 |    231 |   1 |  369.0 |
               +--------+--------+--------+--------+--------+-----+--------+

Top non-repeatable levels by time:
  Lair:4: 2508 daAuts
     D:9: 1738 daAuts
     D:4: 1707 daAuts
  Lair:1: 1624 daAuts
     D:7: 1617 daAuts
    D:10: 1497 daAuts
  Lair:5: 1475 daAuts
     D:8: 1470 daAuts
  Lair:3: 1421 daAuts
     D:6: 1151 daAuts
     D:5: 1000 daAuts
  Lair:2: 987 daAuts
     D:2: 978 daAuts
     D:3: 784 daAuts
     D:1: 591 daAuts
